 Dungeon Crawl Stone Soup version 0.18.1-6-gd335043 (webtiles) character file.

59154 HungrySpirit the Black Belt (level 14, -3/111 HPs)
             Began as an Octopode Skald on May 18, 2016.
             Was the Champion of Cheibriados.
             Slain by a wolf (7 damage)
             ... on level 8 of the Lair of Beasts.
             The game lasted 01:07:08 (21230 turns).

HungrySpirit the Black Belt (Octopode Skald)       Turns: 21230, Time: 01:07:09

Health: -3/111     AC: 13    Str: 36    XL:     14   Next: 93%
Magic:  14/21      EV: 23    Int: 29    God:    Cheibriados [******]
Gold:   1062       SH:  0    Dex: 32    Spells: 5 memorised, 10 levels left

rFire  . . .     SeeInvis .       - Unarmed
rCold  + + +     Gourm    .     (shield currently unavailable)
rNeg   + . .     Faith    .     (helmet currently unavailable)
rPois  +         Spirit   .     (no amulet)
rElec  .         Dismiss  .     s - ring of protection from fire
rCorr  .         Reflect  .     A - ring of sustain attributes
SustAt +         Harm     .     y - +4 ring of protection
MR     +....                    l - +6 ring of strength
Stlth  +++.......               K - ring of wizardry
                                N - ring of flight
                                S - +2 ring of protection
                                T - ring of Anipei {rN+ Str+4}

@: ice-form, regenerating, very slow, somewhat resistant to hostile
enchantments, fairly stealthy
A: almost no armour, amphibious, 8 rings, (constrict 8), (camouflage 0),
(gelatinous body 0)
a: End Transformation, Bend Time, Temporal Distortion, Slouch, Step From Time,
Renounce Religion, Evoke Flight


You were on level 8 of the Lair of Beasts.
You worshipped Cheibriados.
Cheibriados was exalted by your worship.
You were full.
You were a creature of crystalline ice.
You visited 3 branches of the dungeon, and saw 20 of its levels.
You also visited: Volcano.

You collected 1494 gold pieces.
You spent 432 gold pieces at shops.

Inventory:

Missiles
 o - 6 javelins (quivered)
Armour
 J - a +1 buckler (melded)
Jewellery
 l - a +6 ring of strength (on tentacle)
 r - an uncursed ring of ice
 s - a ring of protection from fire (left front paw)
 y - a +4 ring of protection (on tentacle)
 A - a ring of sustain attributes (right front paw)
 K - a ring of wizardry (on tentacle)
 N - a ring of flight (on tentacle)
 S - a +2 ring of protection (on tentacle)
 T - the ring of Anipei (on tentacle) {rN+ Str+4}
   (You found it on level 6 of the Lair of Beasts)

   [ring of positive energy]

   It affects your strength (+4).
   It protects you from negative energy.
Wands
 w - a wand of confusion (34/48)
 E - a wand of iceblast (0/15)
 G - a wand of disintegration (13/24)
 L - a wand of teleportation (2/9)
 P - a wand of acid (4/15)
Scrolls
 e - a scroll of amnesia
 k - 7 scrolls of remove curse
 n - 3 scrolls of recharging
 p - a scroll of blinking
 t - 2 scrolls of magic mapping
 u - a scroll of fear
 v - 3 scrolls of identify
 O - 2 scrolls of enchant armour
 Q - a scroll of fog
Potions
 c - 9 potions of curing
 f - a potion of cancellation
 g - 4 potions of brilliance
 h - 3 potions of ambrosia
 m - 5 potions of agility
 x - a potion of flight
 z - 2 potions of cure mutation
 B - 2 potions of magic
 I - 2 potions of resistance
 M - a potion of heal wounds
 R - a potion of might
Books
 a - a book of Battle

   Spells                             Type                      Level
   a - Infusion                       Charms                       1
   b - Shroud of Golubria             Charms/Translocation         2
   c - Song of Slaying                Charms                       2
   d - Spectral Weapon                Hexes/Charms                 3
   e - Regeneration                   Charms/Necromancy            3
 j - a book of Maledictions

   Spells                             Type                      Level
   a - Corona                         Hexes                        1
   b - Ensorcelled Hibernation        Hexes/Ice                    2
   c - Confuse                        Hexes                        3
   d - Tukima's Dance                 Hexes                        3
   e - Dazzling Spray                 Conjuration/Hexes            3
 D - a book of Ice

   Spells                             Type                      Level
   a - Ice Form                       Ice/Transmutation            4
   b - Metabolic Englaciation         Hexes/Ice                    5
   c - Ozocubu's Refrigeration        Ice                          6
   d - Bolt of Cold                   Conjuration/Ice              6
   e - Freezing Cloud                 Conjuration/Ice/Air          6
   f - Simulacrum                     Ice/Necromancy               6
Comestibles
 b - 12 bread rations
 d - 12 meat rations
 i - 5 beef jerkies
 q - 8 royal jellies
 C - 4 slices of pizza


   Skills:
 + Level 7.9 Fighting
 + Level 11.3 Dodging
 - Level 4.0 Shields
 + Level 16.3 Unarmed Combat
 - Level 5.0 Spellcasting
 - Level 4.3 Hexes
 + Level 6.4 Charms
 - Level 8.2 Transmutations
 - Level 8.4 Invocations


You had 10 spell levels left.
You knew the following spells:

 Your Spells              Type           Power        Failure   Level  Hunger
a - Infusion              Chrm           ####         1%          1    None
b - Regeneration          Chrm/Necr      ####......   3%          3    #......
c - Shroud of Golubria    Chrm/Tloc      ####......   1%          2    None
d - Confuse               Hex            ####....     1%          3    #......
e - Ice Form              Ice/Trmt       ####....     6%          4    ###....


Dungeon Overview and Level Annotations

Branches:
Dungeon (11/15)            Temple (1/1) D:6            Lair (8/8) D:9
  Swamp (0/4) Lair:4       Spider (0/4) Lair:6        Slime (0/6) Lair:6
    Orc (0/2) D:11

Altars:
Cheibriados
Gozag
Kikubaaqudgha
Makhleb
Nemelex Xobeh
Okawaru
Pakellas
Sif Muna
Trog
Vehumet
Xom
Yredelemnul
The Shining One

Shops:
D:4 :   D:9 =

Annotations:
D:7 Joseph


Innate Abilities, Weirdness & Mutations

You cannot wear most types of armour.
You are amphibious.
You can wear up to eight rings at the same time.
((You can use your tentacles to constrict eight enemies at once.))
((Your skin changes colour to match your surroundings (Stealth).))
((Your rubbery body absorbs attacks (AC +1).))


Message History

The young spriggan druid mumbles some strange words.
The forest starts to sway and rumble!
Unknown command.
Unknown command.
You closely miss the wolf. A tree reaches out and hits you!
The redback barely misses you. The wolf completely misses you.
The wolf misses you.
Unknown command.
Unknown command.
You pummel the wolf!! You freeze the wolf!
You kill the wolf!
Cheibriados thoroughly appreciates the change of pace.
A tree reaches out and hits you!
* * * LOW HITPOINT WARNING * * *
The wolf misses you. The redback closely misses you.
The young spriggan druid points at you and mumbles some strange words.
The stone arrow hits you!
* * * LOW HITPOINT WARNING * * *
The wolf bites you!
You die...

...............♣
...P...........♣
#..##.......... .
..............♣ ..
##............♣♣ ..♣
#P.............♣♣♣♣
..♣
................i.♣..♣
.............♣♣sih..♣
.............♣♣♣Yhi.♣
.............♣ ♣♣♣h..♣
............♣♣ ....♣
..........PP♣ ♣...
#..........♣♣ ♣♣
##########♣♣


You could see a young spriggan druid, a redback, 2 spriggans and 3 wolves.

Vanquished Creatures
  Kirke (Lair:7)
  Snorg (Lair:3)
  5 hydras
  Harold (Lair:3)
  A catoblepas (Lair:4)
  8 death yaks
  The ghost of Liquid the Thaumaturge, a novice DgFE (D:10)
  Urug (Lair:4)
  An unseen horror (D:10)
  A hill giant (D:10)
  An anubis guard (D:9)
  Pikel (D:7)
  A cyclops (D:11)
  A manticore (D:10)
  8 elephants
  A griffon (Lair:8)
  An ugly thing (D:11)
  A centaur zombie (D:10)
  3 black mambas
  18 spiny frogs
  Psyche (D:8)
  8 rime drakes
  6 komodo dragons
  A guardian mummy (Volcano)
  A queen bee (D:9)
  A giant leech (Lair:4)
  2 polar bears
  18 blink frogs
  3 slime creatures (Lair:6)
  3 wyverns
  Sigmund (D:2)
  2 vampires (Volcano)
  28 yaks
  3 hogs (Lair:7)
  3 hungry ghosts (D:9)
  11 hippogriffs
  4 basilisks
  A steam dragon (D:11)
  A hill giant skeleton (Volcano)
  15 water moccasins
  13 porcupines
  2 hell hounds (D:9)
  A merfolk skeleton (Volcano)
  8 orc warriors
  2 black bears
  An eye of draining (D:10)
  3 ice beasts (D:7)
  23 wolves
  4 ogres
  A wasp (Lair:8)
  A slave (D:8)
  2 manticore skeletons (Volcano)
  2 centaurs
  14 crocodiles
  A big kobold (D:10)
  10 giant frogs
  A wyvern zombie (D:8)
  3 scorpions
  A water moccasin skeleton (D:6)
  33 killer bees
  4 howler monkeys
  4 wights (D:6)
  3 spriggan skeletons (Volcano)
  An electric eel (Lair:3)
  5 crimson imps
  3 centaur skeletons
  8 orc priests
  5 hounds
  4 jellies
  14 orc wizards
  Crazy Yiuf (D:2)
  A giant frog skeleton (D:5)
  10 iguanas
  Natasha (thrice) (D:2)
  Terence (D:3)
  A two-headed ogre skeleton (Volcano)
  5 worker ants
  A killer bee zombie (D:8)
  29 sheep
  2 naga skeletons (Volcano)
  2 hound zombies
  2 ogre skeletons (Volcano)
  A hound skeleton (D:4)
  3 mummies (Volcano)
  3 worker ant zombies
  A howler monkey skeleton (D:8)
  6 adders
  111 river rats
  2 shadow imps
  4 oozes
  An adder zombie (D:7)
  An adder skeleton (D:9)
  2 worms
  2 dart slugs (D:2)
  4 giant geckos
  55 orcs
  4 bats
  5 giant cockroaches
  2 goblins
  12 jackals
  5 quokkas
  3 ball pythons
  2 giant gecko zombies
  3 giant newts
  13 kobolds
  6 rats
  2 fungi
  2 plants (Lair:3)
660 creatures vanquished.

Vanquished Creatures (others)
  3 slaves (D:8)
  A phantom (D:8)
  2 orcs (D:8)
  11 fungi
  5 plants
22 creatures vanquished.

Grand Total: 682 creatures vanquished

Notes
Turn   | Place    | Note
--------------------------------------------------------------
     0 | D:1      | HungrySpirit the Octopode Skald began the quest for the Orb.
     0 | D:1      | Reached XP level 1. HP: 14/14 MP: 3/3
   346 | D:1      | Reached XP level 2. HP: 19/19 MP: 5/5
   779 | D:2      | Noticed Natasha
   781 | D:2      | Noticed Sigmund
   785 | D:2      | Killed Natasha
   785 | D:2      | Reached skill level 3 in Unarmed Combat
   785 | D:2      | Reached XP level 3. HP: 17/25 MP: 6/6
   931 | D:2      | Found an opulent altar of Gozag.
   973 | D:2      | Reached XP level 4. HP: 11/30 MP: 7/7
  1337 | D:2      | Found a radiant altar of Vehumet.
  1341 | D:2      | Found an ancient bone altar of Kikubaaqudgha.
  1342 | D:2      | Found a deep blue altar of Sif Muna.
  1348 | D:2      | Identified Kikubaaqudgha's Guide on Necromancy
  1353 | D:2      | Learned a level 3 spell: Regeneration
  1384 | D:2      | Killed Sigmund
  1384 | D:2      | Reached skill level 4 in Unarmed Combat
  1384 | D:2      | Reached XP level 5. HP: 36/36 MP: 8/8
  1384 | D:2      | Reached XP level 6. HP: 42/42 MP: 9/9
  1550 | D:2      | Noticed Crazy Yiuf
  1550 | D:2      | Noticed Natasha
  1556 | D:2      | Killed Natasha
  1561 | D:2      | Killed Crazy Yiuf
  1667 | D:2      | Noticed Natasha
  1672 | D:2      | Killed Natasha
  1712 | D:2      | Found a sparkling altar of Nemelex Xobeh.
  2067 | D:2      | Reached skill level 5 in Unarmed Combat
  2494 | D:3      | Noticed an orc warrior
  2793 | D:3      | Reached XP level 7. HP: 37/48 MP: 10/10
  3332 | D:3      | Noticed Terence
  3344 | D:3      | Killed Terence
  3344 | D:3      | Reached skill level 6 in Unarmed Combat
  3561 | D:4      | Found Dechet's Book Boutique.
  4155 | D:4      | Found a shimmering altar of Xom.
  4155 | D:4      | Found a burning altar of Makhleb.
  4207 | D:5      | Entered Level 5 of the Dungeon
  4243 | D:5      | Reached XP level 8. HP: 54/54 MP: 11/11
  4263 | D:5      | Found an iron altar of Okawaru.
  4501 | D:5      | Reached skill level 7 in Unarmed Combat
  4526 | D:5      | Reached skill level 5 in Fighting
  5189 | D:6      | Reached skill level 5 in Dodging
  5800 | D:6      | Reached skill level 8 in Unarmed Combat
  5935 | D:6      | Reached XP level 9. HP: 47/62 MP: 12/12
  6036 | D:6      | Reached skill level 13 in Unarmed Combat
  6036 | D:6      | Reached XP level 10. HP: 61/68 MP: 13/13
  6149 | D:6      | Found a staircase to the Ecumenical Temple.
  6177 | Temple   | Entered the Ecumenical Temple
  6183 | Temple   | Became a worshipper of Cheibriados the Contemplative
  6886 | D:7      | Reached skill level 1 in Invocations
  7104 | D:7      | Reached skill level 14 in Unarmed Combat
  7165 | D:7      | Reached * piety under Cheibriados
  7511 | D:7      | Noticed Joseph
  8303 | D:7      | Learned a level 2 spell: Shroud of Golubria
  8357 | D:7      | Found a glowing golden altar of the Shining One.
  8431 | D:7      | Reached ** piety under Cheibriados
  8585 | D:8      | Noticed Pikel
  8599 | D:7      | Killed Pikel
  8868 | D:8      | Noticed Psyche
  8874 | D:8      | Killed Psyche
  9502 | D:8      | Reached *** piety under Cheibriados
  9915 | D:9      | Found a staircase to the Lair.
  9942 | D:9      | Reached XP level 11. HP: 70/72 MP: 14/14
 10054 | D:9      | Noticed a cyclops
 10580 | D:9      | Reached **** piety under Cheibriados
 10623 | D:9      | Reached skill level 5 in Charms
 10710 | D:9      | Found Paewneog's Jewellery Shoppe.
 10718 | D:9      | Bought a +4 ring of protection for 432 gold pieces
 11336 | D:9      | Learned a level 3 spell: Confuse
 11578 | D:9      | Noticed a lindwurm
 11578 | D:9      | a cyclops changed into a lindwurm
 11582 | D:9      | Noticed an anubis guard
 11582 | D:9      | a lindwurm changed into an anubis guard
 11591 | D:9      | Killed an anubis guard
 11591 | D:9      | Reached skill level 1 in Hexes
 11794 | D:9      | Reached ***** piety under Cheibriados
 11810 | D:10     | Entered Level 10 of the Dungeon
 11810 | D:10     | Noticed Liquid's ghost (novice DgFE)
 11836 | D:10     | Killed Liquid's ghost
 11998 | D:10     | Killed an unseen horror
 11998 | D:10     | Reached skill level 5 in Invocations
 12049 | D:10     | Noticed a hill giant
 12060 | D:10     | Killed a hill giant
 12122 | D:10     | Noticed a manticore
 12129 | D:10     | Killed a manticore
 12129 | D:10     | Reached XP level 12. HP: 31/79 MP: 14/16
 12583 | D:11     | Found a staircase to the Orcish Mines.
 12622 | D:11     | Learned a level 4 spell: Ice Form
 12693 | D:11     | Found an ancient bone altar of Kikubaaqudgha.
 12779 | D:11     | Reached skill level 1 in Transmutations
 13347 | Lair:1   | Entered Level 1 of the Lair of Beasts
 13660 | Lair:1   | Reached skill level 15 in Unarmed Combat
 13922 | Lair:1   | Reached ****** piety under Cheibriados
 14803 | Lair:2   | Noticed a four-headed hydra
 14809 | Lair:2   | Killed a four-headed hydra
 15642 | Lair:3   | Reached XP level 13. HP: 83/83 MP: 18/18
 15877 | Lair:3   | Noticed Harold
 15890 | Lair:3   | Killed Harold
 15898 | Lair:3   | Noticed Snorg
 15912 | Lair:3   | Killed Snorg
 15965 | Lair:3   | Reached skill level 5 in Transmutations
 16937 | Lair:4   | Noticed Urug
 16959 | Lair:4   | Killed Urug
 17464 | Lair:4   | Found a staircase to the Swamp.
 18079 | Lair:5   | Reached skill level 5 in Spellcasting
 18163 | Lair:5   | Reached skill level 10 in Dodging
 18233 | Lair:5   | Reached skill level 1 in Shields
 18576 | Lair:5   | Reached XP level 14. HP: 70/90 MP: 15/21
 18644 | Lair:6   | Found a staircase to the Slime Pits.
 18676 | Lair:6   | Found a dark tunnel.
 18684 | Volcano  | Entered a volcano
 19017 | Lair:6   | Found a hole to the Spider Nest.
 19339 | Lair:6   | Got a twitching platinum ring
 19507 | Lair:7   | Reached skill level 16 in Unarmed Combat
 19727 | Lair:7   | Identified the ring of Anipei {rN+ Str+4} (You found it on level 6 of the Lair of Beasts)
 19901 | Lair:7   | Noticed Kirke
 20561 | Lair:7   | Killed Kirke
 20820 | Lair:8   | Entered Level 8 of the Lair of Beasts
 20935 | Lair:8   | Found a sparkling altar of Nemelex Xobeh.
 21230 | Lair:8   | HP: 4/111 [young spriggan druid/stone arrow (25)]
 21230 | Lair:8   | Slain by a wolf

Skill      XL: |  1  2  3  4  5  6  7  8  9 10 11 12 13 14 |
---------------+-------------------------------------------+-----
Dodging        | 2 3 4 5 6 7 9 10 11 | 11.3
Unarmed Combat | 3 4 5 6 8 13 14 15 16 | 16.3
Fighting       | 3 4 5 6 7 |  7.9
Invocations    | 3 5 7 8 |  8.4
Charms         | 4 6 |  6.4
Hexes          | 2 4 |  4.3
Transmutations | 4 6 8 |  8.2
Spellcasting   | 3 5 |  5.0
Shields        | 2 4 |  4.0

Action                   |  1- 3 |  4- 6 |  7- 9 | 10-12 | 13-15 || total
-------------------------+-------+-------+-------+-------+-------++-------
Melee: Unarmed           |    51 |    77 |   210 |   589 |   570 ||  1497
       Constrict         |    11 |    23 |    52 |   104 |    90 ||   280
       Tentacles         |     8 |    16 |    58 |   162 |   135 ||   379
       Punch             |     2 |     4 |    18 |   112 |    95 ||   231
       Short sword       |       |       |     5 |       |       ||     5
 Cast: Infusion          |       |       |       |     7 |     2 ||     9
       Shroud of Golubri |       |       |       |     9 |     9 ||    18
       Regeneration      |       |       |       |    12 |    28 ||    40
       Ice Form          |       |       |       |       |    23 ||    23
       Confuse           |       |       |       |       |     3 ||     3
Invok: Bend Time         |       |       |       |     2 |       ||     2
       Temporal Distorti |       |       |       |     2 |       ||     2
       Slouch            |       |       |       |       |     2 ||     2
Evoke: Wand              |       |       |    10 |    17 |    11 ||    38
  Use: Scroll            |       |     4 |     7 |    17 |    15 ||    43
       Potion            |       |     4 |     5 |     6 |       ||    15
 Stab: Sleeping          |     6 |     4 |    10 |    21 |    19 ||    60
       Distracted        |       |       |     2 |     5 |     4 ||    11
       Confused          |       |       |     2 |     3 |       ||     5
  Eat: Chunk             |       |     2 |     9 |    16 |    11 ||    38
       Meat ration       |       |     1 |       |     1 |       ||     2
       Royal jelly       |       |       |       |     1 |       ||     1
       Pizza             |       |       |       |     1 |       ||     1
       Beef jerky        |       |       |       |     1 |       ||     1
       Fruit             |       |       |       |       |    10 ||    10
Armor: Skin              |     1 |     7 |    18 |    75 |    64 ||   165
Dodge: Dodged            |    15 |    39 |   122 |   420 |   571 ||  1167
Block: Buckler           |       |       |       |       |    27 ||    27
